 Dungeon Crawl Stone Soup version 0.29-a0-334-gb41bcbb86e (webtiles) character file.

Game seed: 4674929214166179377

7 Morbidden the Firebug (level 1, 0/14 HPs)
             Began as a Demonspawn Fire Elementalist on Apr 14, 2022.
             Slain by a quokka (4 damage)
             ... on level 1 of the Dungeon.
             The game lasted 00:00:37 (609 turns).

Morbidden the Firebug (Demonspawn Fire Elementalist) Turns: 609, Time: 00:00:38

Health: 0/14       AC:  3    Str:  8    XL:     1   Next: 83%
Magic:  0/3        EV: 12    Int: 16    God:
Gold:   64         SH:  0    Dex: 13    Spells: 3/4 levels left

rFire   . . .      SeeInvis .   (no weapon)
rCold   + . .      Faith    .   (no shield)
rNeg    . . .      Spirit   .   a - +0 robe
rPois   .          Reflect  .   (no helmet)
rElec   .          Harm     .   (no cloak)
rCorr   .          Rampage  .   (no gloves)
Will    .....                   i - +0 pair of boots
Stlth   ++........              (no amulet)
HPRegen 0.04/turn               j - ring of protection from cold
MPRegen 0.08/turn               (no ring)

@: no status effects
A: no striking features
a: no special abilities


You were on level 1 of the Dungeon.
You visited 1 branch of the dungeon, and saw 1 of its levels.

You collected 64 gold pieces.

Inventory:

Armour
 a - a +0 robe (worn)
 i - a +0 pair of boots (worn)
Jewellery
 j - a ring of protection from cold (left hand)
 k - a ring of see invisible
Scrolls
 c - a scroll of teleportation {unknown}
 f - 2 scrolls of blinking {unknown}
 g - 2 scrolls of immolation {unknown}
 h - a scroll of identify {unknown}
Potions
 b - 2 potions of magic
 d - a potion of degeneration {unknown}
 e - a potion of cancellation {unknown}


   Skills:
 * Level 0.4 Fighting
 * Level 1.9 Dodging
 + Level 1.8 Stealth
 * Level 2.0 Spellcasting
 * Level 1.2 Conjurations
 * Level 2.7 Fire Magic


You had 3 spell levels left.
You knew the following spells:

 Your Spells              Type           Power      Damage    Failure   Level
a - Foxfire               Conj/Fire      32%        2x1d5     9%          1

Your spell library contained the following spells:

 Spells                   Type           Power      Damage    Failure   Level
 Scorch                   Fire           20%        2d6       10%         2
 Conjure Flame            Conj/Fire      8%         6-21      26%         3
 Inner Flame              Hex/Fire       6%         N/A       34%         3
 Flame Wave               Conj/Fire      8%         2d5       65%         4


Dungeon Overview and Level Annotations

Branches:
Dungeon (1/15)

Altars:


Message History

You don't have enough magic to cast this spell.
A quokka is nearby!
Casting: Foxfire (safe; 9% risk of failure)
Confirm with . or Enter, or press ? or * to list all spells.
You don't have enough magic to cast this spell.
Unknown command.
Your foxfire dissipates!
The quokka bites you. The quokka attacks as you move away!
The quokka completely misses you. The quokka attacks as you move away!
The quokka closely misses you. x2
Casting: Foxfire (safe; 9% risk of failure)
Confirm with . or Enter, or press ? or * to list all spells.
You miscast Foxfire.
You are very lightly contaminated with residual magic.
Nothing appears to happen.
The quokka barely misses you.
Unknown command.
Unknown command.
The quokka closely misses you.
Your magical contamination has completely faded away.
The quokka attacks as you move away! The quokka barely misses you.
The quokka bites you.
Unknown command.
The quokka closely misses you. The quokka closely misses you.
Casting: Foxfire (safe; 9% risk of failure)
Confirm with . or Enter, or press ? or * to list all spells.
You conjure some foxfire!
The quokka closely misses you.
Unknown command.
The quokka attacks as you move away! The quokka bites you.
The foxfire hits the quokka.
The quokka is lightly wounded.
The foxfire hits the quokka.
The quokka is moderately wounded.
Unknown command.
The quokka attacks as you move away!
The quokka bites you but does no damage.
The quokka bites you.
* * * LOW HITPOINT WARNING * * *
The quokka attacks as you move away! The quokka bites you.
You die...

####.###....###...#.#.# ♣♣♣
.......##...##...#
#......†.###.#.# #..............#
######....####.#.#
#.......#......#.#
#######.......####..##.########..
.....##..........................
#..............@r.........#.....
##.####.......#.........#.###....
...# #.......###.###.###........
.#.# #..)....#..P...P..#.###....
...# .........#.#P#.#.#P#.# ...
......#.......#......P..#.###....
#.##########..# #P# #.# #........
..# ..# ... .P #..#####. ...#
#..#


You could see a quokka.

Vanquished Creatures
  A bat (D:1)
  2 endoplasms (D:1)
  A giant cockroach (D:1)
  A hobgoblin (D:1)
5 creatures vanquished.

Vanquished Creatures (others)
  37 foxfires (D:1)
  2 fungi (D:1)
39 creatures vanquished.

Grand Total: 44 creatures vanquished

Notes
Turn   | Place    | Note
-------+----------+-------------------------------------------
     0 | D:1      | Morbidden the Demonspawn Fire Elementalist began the quest
                  | for the Orb.
     0 | D:1      | Reached XP level 1. HP: 13/13 MP: 3/3
   609 | D:1      | Slain by a quokka

Illustrated notes

Levels and vault maps discovered:
D:1:      roderic_dead_forest, layout_rooms,
          shapermc_ecumenical_altar_mp_urbaneastern, minmay_misc_feat_five,
          chequers_big_river, minmay_indecisive_spiral

Action                   || total
-------------------------++-------
Melee: Unarmed           ||     5
 Cast: Foxfire           ||    21
Armor: Robe              ||     9
Dodge: Dodged            ||    21

Table legend: (Time is in decaauts)
 A = Elapsed time spent in this place.
 B = Non-inter-level travel time spent in this place.
 C = Inter-level travel time spent in this place.
 D = Time resting spent in this place.
 E = Time spent auto-exploring this place.
 F = Levels seen in this place.
 G = Mean time per level.
                   A        B        C        D        E       F      G
               +--------+--------+--------+--------+--------+-----+--------+
         Total |    608 |    608 |      0 |      0 |    493 |   1 |  608.0 |
       Dungeon |    608 |    608 |      0 |      0 |    493 |   1 |  608.0 |
               +--------+--------+--------+--------+--------+-----+--------+

Top non-repeatable levels by time:
     D:1: 608 daAuts
